 Dungeon Crawl Stone Soup version 0.25-a0-667-gb977e01cb5 (webtiles) character file.

Game seed: 9819877379283350853, levelgen mode: deterministic

1397 Error4North the Chopper (level 8, -3/69 HPs)
             Began as a Hill Orc Fighter on Mar 27, 2020.
             Was a Believer of Okawaru.
             Slain by a killer bee (5 damage)
             ... on level 5 of the Dungeon.
             The game lasted 00:16:56 (4584 turns).

Error4North the Chopper (Hill Orc Fighter)          Turns: 4584, Time: 00:16:56

Health: -3/69      AC: 13    Str: 21    XL:     8   Next: 69%
Magic:  9/9        EV: 10    Int:  8    God:    Okawaru [**....]
Gold:   179        SH: 12    Dex: 10    Spells: 7/7 levels left

rFire    . . .     SeeInvis .   a - +0 war axe
rCold    . . .     Gourm    .   c - +0 kite shield
rNeg     . . .     Faith    .   s - +0 chain mail
rPois    .         Spirit   .   (no helmet)
rElec    .         Reflect  .   u - +0 cloak
rCorr    .         Harm     .   (no gloves)
MR       +....                  (no boots)
Stlth    ..........             (no amulet)
HPRegen  0.21/turn              j - ring of protection from magic
MPRegen  0.11/turn              (no ring)

@: lethally poisoned (-3 -> -10), heroism
A: no striking features
a: Heroism, Renounce Religion


You were on level 5 of the Dungeon.
You worshipped Okawaru.
Okawaru was pleased with you.
You were hungry.

You visited 1 branch of the dungeon, and saw 5 of its levels.

You collected 179 gold pieces.

Inventory:

Hand Weapons
 a - a +0 war axe (weapon)
Armour
 c - a +0 kite shield (worn)
 s - a +0 chain mail (worn)
 u - a +0 cloak (worn)
Jewellery
 j - a ring of protection from magic (left hand)
Scrolls
 b - a scroll of fog {unknown}
 h - a scroll of identify
 k - a scroll of amnesia {unknown}
 l - a scroll of remove curse {unknown}
 o - a scroll of enchant weapon {unknown}
 p - a scroll of enchant armour {unknown}
 q - 2 scrolls of noise {unknown}
 r - 2 scrolls of teleportation {unknown}
 w - a scroll of fear {unknown}
Potions
 e - 2 potions of lignification
 i - 2 potions of berserk rage {unknown}
 n - a potion of resistance {unknown}
 t - a potion of brilliance {unknown}
 v - a potion of flight {unknown}
Comestibles
 f - 12 rations
 m - 2 chunks of flesh


   Skills:
 * Level 5.4(10.4) Fighting
 + Level 7.6(12.6) Axes
 * Level 6.8(11.8) Armour
 + Level 1.1(6.1) Dodging
 + Level 0.1(5.1) Stealth
 * Level 6.7(11.7) Shields
 * Level 2.2 Invocations


You had 7 spell levels left.
You didn't know any spells.
Your spell library was empty.

Dungeon Overview and Level Annotations

Branches:
Dungeon (5/15)             Temple (0/1) D:5

Altars:
Cheibriados
Dithmenos
Makhleb
Okawaru

Annotations:
D:3 2 transporters, Yorgos's ghost, amateur SpSk


Message History

You feel sick.
The killer bee stings you but does no damage.
You block the killer bee's attack.
You closely miss the killer bee.
The killer bee is almost dead.
The killer bee stings you.
* * * LOW HITPOINT WARNING * * *
The killer bee stings you.
* * * LOW HITPOINT WARNING * * *
You barely miss the killer bee.
The killer bee is almost dead.
The killer bee stings you!
* * * LOW HITPOINT WARNING * * *
You are lethally poisoned!
The killer bee poisons you!
The killer bee stings you but does no damage.
It was a potion of magic.
Magic courses through your body.
* * * LOW HITPOINT WARNING * * *
You feel sick. The killer bee closely misses you. The killer bee stings you.
You die...

#.#######....# #.# #..#.#
#####.##### #....##
#.........###.#...#
+.#.#.###.##......#
#.#.#.....>).#.#..#
##.#.#.###.#.......###
#....#...#.†y#÷⌠.#...#
##.###.#...#@†.....#...
###.# #.#.#..†⌠.>.⌠...#.
##.#.###.#...#.......#...
#........#.....#.⌠.#.....
###....######.##.......###[
........# #.. ##.#.#.##
.#.<<...+ .... ........
.#......####.. ###.#.###.
.#.#...## ##. ...# #


You could see a killer bee.

Vanquished Creatures
  Grinder (D:3)
  Sigmund (D:2)
  Eustachio (D:5)
  Menkaure (D:4)
  A centaur (D:5)
  2 scorpions (D:4)
  4 killer bees (D:5)
  2 hounds
  2 jellies (D:5)
  2 orc wizards (D:3)
  2 worker ants (D:4)
  A hound skeleton (D:4)
  12 adders
  An ooze (D:1)
  4 worms
  2 dart slugs
  5 leopard geckos
  9 orcs (D:3)
  9 bats
  3 giant cockroaches
  8 goblins
  4 hobgoblins
  2 jackals (D:4)
  11 kobolds
  7 quokkas
  A ball python (D:4)
  6 frilled lizards
  7 rats
111 creatures vanquished.

Notes
Turn   | Place    | Note
-------+----------+-------------------------------------------
     0 | D:1      | Error4North the Hill Orc Fighter began the quest for the
                  | Orb.
     0 | D:1      | Reached XP level 1. HP: 19/19 MP: 1/1
   207 | D:1      | Reached XP level 2. HP: 23/27 MP: 2/2
   766 | D:1      | Reached XP level 3. HP: 33/33 MP: 3/3
  1388 | D:2      | Found an iron altar of Okawaru.
  1395 | D:2      | Became a worshipper of Warmaster Okawaru
  1401 | D:2      | Noticed Sigmund
  1416 | D:2      | Killed Sigmund
  1416 | D:2      | Reached skill level 3 in Axes
  1416 | D:2      | Reached XP level 4. HP: 5/40 MP: 4/4
  1416 | D:2      | Reached XP level 5. HP: 5/46 MP: 5/5
  1828 | D:2      | Reached * piety under Okawaru
  1828 | D:2      | Reached skill level 5 in Armour
  2135 | D:2      | Reached XP level 6. HP: 52/52 MP: 6/6
  2288 | D:3      | Noticed Grinder
  2289 | D:3      | Paralysed by Grinder for 7 turns
  2304 | D:3      | Paralysed by Grinder for 6 turns
  2326 | D:3      | Paralysed by Grinder for 6 turns
  2342 | D:3      | Killed Grinder
  2342 | D:3      | Reached skill level 4 in Axes
  2342 | D:3      | Reached skill level 5 in Shields
  2557 | D:3      | Found a transporter.
  2574 | D:3      | Noticed Yorgos's ghost (amateur SpSk)
  2575 | D:3      | Found a transporter.
  2579 | D:3      | Identified the cursed +0 great mace of the Equator {flame,
                  | Int+3 Stlth+}
  2584 | D:3      | Reached skill level 5 in Axes
  2584 | D:3      | Reached XP level 7. HP: 45/60 MP: 7/7
  3244 | D:3      | Found a burning altar of Makhleb.
  3244 | D:3      | Noticed a green death
  3468 | D:4      | Reached skill level 1 in Dodging
  3529 | D:4      | Noticed Menkaure
  3875 | D:4      | Killed Menkaure
  3875 | D:4      | Reached skill level 6 in Axes
  3981 | D:4      | Reached ** piety under Okawaru
  4013 | D:4      | Found a snail-covered altar of Cheibriados.
  4089 | D:4      | Reached XP level 8. HP: 63/67 MP: 8/8
  4275 | D:4      | Found a shadowy altar of Dithmenos.
  4349 | D:5      | Entered Level 5 of the Dungeon
  4351 | D:5      | Reached skill level 5 in Fighting
  4363 | D:5      | Noticed Eustachio
  4406 | D:5      | Killed Eustachio
  4406 | D:5      | Reached skill level 7 in Axes
  4406 | D:5      | Reached skill level 1 in Invocations
  4517 | D:5      | Found a staircase to the Ecumenical Temple.
  4583 | D:5      | HP: 3/69 [killer bee (7)]
  4584 | D:5      | Slain by a killer bee

Levels and vault maps discovered:
D:1:      elethiomel_arrival_infinity_welcomes_careful_drivers, layout_basic,
          hangedman_glass_teeth, minmay_3d_cube
D:2:      layout_basic, okawaru_metal_pillars_1_2, minmay_misc_feat_square,
          uniq_sigmund
D:3:      minmay_recursive_quarters, layout_basic, first_ration,
          gammafunk_ghost_smash, makhleb_altar_promises_db, uniq_grinder
D:4:      layout_gridville, kennysheep_little_box, kennysheep_slug_shrine,
          kennysheep_decorative_pillar, hangedman_decor_peaks_small,
          grunt_ministairs_3, uniq_menkaure
D:5:      layout_loops_corners, gammafunk_temple_overflow_claw,
          chequers_temple_overflow_minitemple, minmay_temple_entry_sparse_star,
          basic_altar, serial_co_window_serial, co_window_paths_a,
          co_window_paths_b, co_window_paths_a, co_window_of_opportunity_a,
          co_window_corner_a, co_window_paths_a, co_window_paths_b,
          co_window_of_opportunity_a, co_window_paths_a, co_window_2corner,
          co_window_paths_e, glass_columns_b, glass_columns_b, glass_columns_a,
          kennysheep_flooded_box, uniq_ijyb, uniq_eustachio

Skill      XL: |  1  2  3  4  5  6  7  8 |
---------------+-------------------------+-----
Fighting       | 4 5 |  5.4
Axes           | 3 5 6 7 |  7.6
Armour         | 4 5 6 |  6.8
Shields        | 4 5 6 |  6.7
Dodging        | 1 |  1.1
Invocations    | 2 |  2.2
Stealth        | |  0.1

Action                   |  1- 3 |  4- 6 |  7- 9 || total
-------------------------+-------+-------+-------++-------
Melee: War axe           |    85 |   105 |   252 ||   442
Invok: Heroism           |       |       |     6 ||     6
  Use: Potion            |     1 |     1 |     2 ||     4
       Scroll            |       |       |     2 ||     2
  Eat: Chunk             |     2 |     3 |     7 ||    12
Armor: Scale mail        |    48 |    39 |    40 ||   127
       Skin              |       |    17 |       ||    17
       Chain mail        |       |       |   109 ||   109
Dodge: Dodged            |    32 |    27 |    85 ||   144
Block: Kite shield       |    52 |    58 |   189 ||   299

Table legend:
 A = Non-vault XP
 B = Vault XP
 C = Vault XP percentage of total XP
 D = Non-vault monster count
 E = Vault monster count
 F = Vault count percentage of total count
                 A         B        C        D         E       F
            +---------+---------+-------+---------+---------+-------
      Total |    1027 |     970 |  48.6 |      94 |      17 |  15.3
            +---------+---------+-------+---------+---------+-------
        D:1 |      35 |       5 |  12.5 |      17 |       3 |  15.0
        D:2 |      87 |     208 |  70.5 |      21 |       1 |   4.5
        D:3 |     160 |     307 |  65.7 |      30 |       8 |  21.1
        D:4 |     245 |     253 |  50.8 |      16 |       4 |  20.0
        D:5 |     500 |     197 |  28.3 |      10 |       1 |   9.1
            +---------+---------+-------+---------+---------+-------
